 Dungeon Crawl Stone Soup version 0.30-a0-879-ga8ba668304 (webtiles) character file.

Game seed: 16728388889586638188

18 Indecide the Shooter (level 2, 23/23 HPs)
             Began as a Formicid Hunter on Mar 12, 2023.
             Quit the game on level 1 of the Dungeon.
             The game lasted 00:04:23 (373 turns).

Indecide the Shooter (Formicid Hunter)               Turns: 373, Time: 00:04:23

Health: 23/23      AC:  3    Str: 15    XL:     2   Next: 85%
Magic:  2/2        EV: 27    Int:  8    God:
Gold:   68         SH:  0    Dex: 17    Spells: 1/1 levels left

rFire   . . .      SeeInvis +    a - +0 shortbow
rCold   . . .      Faith    .    (no shield)
rNeg    . . .      Spirit   .    c - +0 leather armour
rPois   .          Reflect  .    (helmet unavailable)
rElec   .          Rampage  .    (no cloak)
rCorr   .                        (no gloves)
Will    .....                    (no boots)
Stlth   ++                       d - amulet of the acrobat
HPRegen 0.23/turn                (no ring)
MPRegen 0.08/turn                (no ring)

@: acrobatic
A: permanent stasis, dig shafts and tunnels, antennae 3, four strong arms
a: Dig, Shaft Self


You were on level 1 of the Dungeon.
You visited 1 branch of the dungeon, and saw 1 of its levels.

You collected 68 gold pieces.

Inventory:

Hand Weapons
 a - a +0 shortbow (weapon)
 k - a +0 short sword
 m - a +0 hand axe
Armour
 c - a +0 leather armour (worn)
Jewellery
 d - an amulet of the acrobat (around neck)
Scrolls
 b - a scroll of immolation
 e - 2 scrolls of vulnerability {unknown}
 g - a scroll of summoning {unknown}
 h - a scroll of identify {unknown}
 i - a scroll of teleportation {unknown}
 j - a scroll of fog {unknown}
 l - a scroll of poison {unknown}
Potions
 f - a potion of brilliance {unknown}


   Skills:
 + Level 2.6 Fighting
 + Level 4.5 Ranged Weapons
 + Level 1.7 Dodging
 + Level 1.2 Stealth


You had one spell level left.
You didn't know any spells.
Your spell library contained the following spells:

 Spells                   Type           Power      Damage    Failure   Level
 Slow                     Hex            0%         N/A       47%         1
 Confusing Touch          Hex            0%         N/A       85%         3
 Vampiric Draining        Necr           0%         2d6       85%         3


Dungeon Overview and Level Annotations

Branches:
Dungeon (1/15)

Altars:


Innate Abilities, Weirdness & Mutations

You cannot be hasted, slowed, berserked, paralysed or teleported.
You can dig through walls and to a lower floor.
You have a pair of large antennae on your head. (SInv)
Your four strong arms can wield two-handed weapons with a shield.


Message History

Aim: an endoplasm (asleep, 98% to hit)
You shoot an arrow. The arrow hits the endoplasm.
The endoplasm quivers.
The endoplasm is almost dead.
Fire: a) +0 shortbow
Press: ? - help, Shift-Dir - straight line, f/p - endoplasm
Aim: an endoplasm (almost dead, 87% to hit)
You shoot an arrow.
The arrow hits the endoplasm but does no damage.
The endoplasm is almost dead.
Fire: a) +0 shortbow
Press: ? - help, Shift-Dir - straight line, f/p - endoplasm
Aim: an endoplasm (almost dead, 87% to hit)
You shoot an arrow. The arrow hits the endoplasm!
You kill the endoplasm!
A kobold comes into view. It is wielding a +0 short sword.
Fire: a) +0 shortbow
Press: ? - help, Shift-Dir - straight line, f - kobold
Aim: a kobold, wielding a +0 short sword (56% to hit)
You shoot an arrow.
The arrow hits the kobold but does no damage.
Fire: a) +0 shortbow
Press: ? - help, Shift-Dir - straight line, f/p - kobold
Aim: a kobold, wielding a +0 short sword (56% to hit)
You shoot an arrow. The arrow hits the kobold!
You kill the kobold!
Found a scroll labelled ICKAODW RIADE.
You see here a +0 short sword.
k - a +0 short sword
k - a +0 short sword (weapon)
a - a +0 shortbow (weapon)
Found a hand axe.
l - a scroll labelled ICKAODW RIADE
Found 3 curare-tipped darts.
You see here a +0 hand axe.
m - a +0 hand axe
m - a +0 hand axe (weapon)
k - a +0 short sword (weapon)
a - a +0 shortbow (weapon)
Are you sure you want to abandon this character and quit the game? (Confirm with "yes".)

..
#.###..###..###..#
... #.# #.......#
# #.# #.#
#...###.#
#.###...###.#
#...........#
#####...##### ##
#.#.#####...(
#............
#...#@###.###
#...#.# #...#.#
.....#.# ####.....
...... ##....#
.#.## #.#.#


There were no monsters in sight!

Vanquished Creatures
  A dart slug (D:1)
  2 ball pythons (D:1)
  3 bats (D:1)
  An endoplasm (D:1)
  A giant cockroach (D:1)
  A kobold (D:1)
  3 frilled lizards (D:1)
  4 rats (D:1)
16 creatures vanquished.

Notes
Turn   | Place    | Note
-------+----------+-------------------------------------------
     0 | D:1      | Indecide the Formicid Hunter began the quest for the Orb.
     0 | D:1      | Reached XP level 1. HP: 16/16 MP: 1/1
   108 | D:1      | Reached XP level 2. HP: 23/23 MP: 2/2
   373 | D:1      | Quit the game

Illustrated notes

Levels and vault maps discovered:
D:1:      dpeg_arrival_boxes_within_box, layout_loops_ring

Action                     || total
---------------------------++-------
   Fire: Shortbow          ||    28

Table legend: (Time is in decaauts)
 A = Elapsed time spent in this place.
 B = Non-inter-level travel time spent in this place.
 C = Inter-level travel time spent in this place.
 D = Time resting spent in this place.
 E = Time spent auto-exploring this place.
 F = Levels seen in this place.
 G = Mean time per level.
                   A        B        C        D        E       F      G
               +--------+--------+--------+--------+--------+-----+--------+
         Total |    379 |    379 |      0 |      0 |     32 |   1 |  379.0 |
       Dungeon |    379 |    379 |      0 |      0 |     32 |   1 |  379.0 |
               +--------+--------+--------+--------+--------+-----+--------+

Top non-repeatable levels by time:
     D:1: 379 daAuts
